| TOP OF THE 1ST |
|
Rochester Red Wings batting - Pitching for Charlotte Knights : RHP Xenophon Valvis
|
|
Pitching: RHP Xenophon Valvis
|
|
|
Batting: RHB Michel Martineau
|
0-0: Ball 1-0: Called Strike 1-1: Ball 2-1: Ground out 5-3 (Groundball, 56, EV 101.2 MPH)
|
|
Batting: RHB Brett Steele
|
0-0: Called Strike 0-1: Swinging Strike 0-2: Foul Ball, location: 2F 0-2: Foul Ball, location: 2F 0-2: Ball 1-2: Strikes out swinging
|
|
Batting: RHB Hildo Pot
|
0-0: Ball 1-0: Fly out, F6 (Line Drive, 6, EV 67.5 MPH)
|
| Top of the 1st over - 0 runs, 0 hits, 0 errors, 0 left on base; Rochester 0 - Charlotte 0 |
| BOTTOM OF THE 1ST |
|
Charlotte Knights batting - Pitching for Rochester Red Wings : RHP Antonio Alcaraz
|
|
Pitching: RHP Antonio Alcaraz
|
|
|
Batting: LHB Hirakito Herring
|
0-0: Called Strike 0-1: Swinging Strike 0-2: Strikes out swinging
|
|
Batting: RHB Jeff Brower
|
0-0: Foul Ball, location: 2F 0-1: Swinging Strike 0-2: Ball 1-2: Ball 2-2: Ground out 3-1 (Groundball, 34S, EV 86.2 MPH)
|
|
Batting: LHB Jorge Rosales
|
0-0: Ball 1-0: Ball 2-0: DOUBLE (Line Drive, 78XD, EV 100.6 MPH)
|
|
Batting: LHB Brian Dickeson
|
0-0: Called Strike 0-1: SINGLE (Line Drive, 34D, EV 99.4 MPH) Jorge Rosales to third
|
|
Batting: RHB Will Washburn
|
0-0: Ball 1-0: Fielders Choice at 2nd, 6-4 (Groundball, 6, EV 86.9 MPH)
|
| Bottom of the 1st over - 0 runs, 2 hits, 0 errors, 2 left on base; Rochester 0 - Charlotte 0 |
| TOP OF THE 2ND |
|
Rochester Red Wings batting - Pitching for Charlotte Knights : RHP Xenophon Valvis
|
|
Batting: RHB Jesse Scott
|
0-0: Called Strike 0-1: Ball 1-1: Ground out 3-1 (Groundball, 34, EV 91.2 MPH)
|
|
Batting: SHB Aaron Tatar
|
0-0: Swinging Strike 0-1: Called Strike 0-2: Strikes out swinging
|
|
Batting: RHB Aaron Trotman
|
0-0: Called Strike 0-1: Foul Ball, location: 2F 0-2: Ball 1-2: Strikes out looking
|
| Top of the 2nd over - 0 runs, 0 hits, 0 errors, 0 left on base; Rochester 0 - Charlotte 0 |
| BOTTOM OF THE 2ND |
|
Charlotte Knights batting - Pitching for Rochester Red Wings : RHP Antonio Alcaraz
|
|
Batting: RHB Darwin Mills
|
0-0: Ball 1-0: Ball 2-0: Called Strike 2-1: Ground out 5-3 (Groundball, 5, EV 103.8 MPH)
|
|
Batting: LHB Jake Goddard
|
0-0: Swinging Strike 0-1: Ground out U3 (Groundball, 13, EV 84.4 MPH)
|
|
Batting: RHB Jake Savell
|
0-0: Ball 1-0: Ball 2-0: Foul Ball, location: 2F 2-1: Called Strike 2-2: Ground out 5-3 (Groundball, 56, EV 88.1 MPH)
|
| Bottom of the 2nd over - 0 runs, 0 hits, 0 errors, 0 left on base; Rochester 0 - Charlotte 0 |
| TOP OF THE 3RD |
|
Rochester Red Wings batting - Pitching for Charlotte Knights : RHP Xenophon Valvis
|
|
Batting: RHB Eric Narrow
|
0-0: Ball 1-0: Foul Ball, location: 2F 1-1: Swinging Strike 1-2: Ground out 4-3 (Groundball, 4, EV 85.0 MPH)
|
|
Batting: RHB Cesar Yega
|
0-0: Called Strike 0-1: Ball 1-1: Ball 2-1: Swinging Strike 2-2: Strikes out swinging
|
|
Batting: RHB Bobby Blanchard
|
0-0: Fly out, F9 (Flyball, 89XD, EV 86.9 MPH)
|
| Top of the 3rd over - 0 runs, 0 hits, 0 errors, 0 left on base; Rochester 0 - Charlotte 0 |
| BOTTOM OF THE 3RD |
|
Charlotte Knights batting - Pitching for Rochester Red Wings : RHP Antonio Alcaraz
|
|
Batting: RHB Harvey Harvey
|
0-0: Called Strike 0-1: SINGLE (Groundball, 4M, EV 99.4 MPH) (infield hit)
|
|
Batting: LHB Hirakito Herring
|
0-0: Ball 1-0: Ball 2-0: Fly out, F6 (Flyball, 6MD, EV 87.5 MPH)
|
|
Batting: RHB Jeff Brower
|
0-0: Ball 1-0: Swinging Strike 1-1: Swinging Strike Harvey Harvey is caught stealing 2nd base 2-4 1-2: Foul Ball, location: 2F 1-2: Foul Ball, location: 2F 1-2: Ball 2-2: SINGLE (Line Drive, 7S, EV 95.6 MPH)
|
|
Batting: LHB Jorge Rosales
|
0-0: Ball 1-0: Called Strike 1-1: Ball 2-1: Ball 3-1: Fly out, F6 (Popup, 6MD, EV 55.0 MPH)
|
| Bottom of the 3rd over - 0 runs, 2 hits, 0 errors, 1 left on base; Rochester 0 - Charlotte 0 |
| TOP OF THE 4TH |
|
Rochester Red Wings batting - Pitching for Charlotte Knights : RHP Xenophon Valvis
|
|
Batting: RHB Michel Martineau
|
0-0: Fly out, F8 (Flyball, 89XD, EV 81.9 MPH)
|
|
Batting: RHB Brett Steele
|
0-0: Ball 1-0: Foul Ball, location: 2F 1-1: Ball 2-1: Foul Ball, location: 2F 2-2: Ground out 4-3 (Groundball, 34D, EV 85.6 MPH)
|
|
Batting: RHB Hildo Pot
|
0-0: Ball 1-0: Ball 2-0: Called Strike 2-1: Fly out, F4 (Popup, 4, EV 76.2 MPH)
|
| Top of the 4th over - 0 runs, 0 hits, 0 errors, 0 left on base; Rochester 0 - Charlotte 0 |
| BOTTOM OF THE 4TH |
|
Charlotte Knights batting - Pitching for Rochester Red Wings : RHP Antonio Alcaraz
|
|
Batting: LHB Brian Dickeson
|
0-0: Swinging Strike 0-1: Foul Ball, location: 2F 0-2: Ball 1-2: Foul Ball, location: 2F 1-2: Foul Ball, location: 2F 1-2: Ball 2-2: Strikes out swinging
|
|
Batting: RHB Will Washburn
|
0-0: Ball 1-0: Ground out 3-1 (Groundball, 34, EV 78.1 MPH)
|
|
Batting: RHB Darwin Mills
|
0-0: Called Strike 0-1: Swinging Strike 0-2: Foul Ball, location: 2F 0-2: Foul Ball, location: 2F 0-2: Ball 1-2: Foul Ball, location: 2F 1-2: Strikes out swinging
|
| Bottom of the 4th over - 0 runs, 0 hits, 0 errors, 0 left on base; Rochester 0 - Charlotte 0 |
| TOP OF THE 5TH |
|
Rochester Red Wings batting - Pitching for Charlotte Knights : RHP Xenophon Valvis
|
|
Batting: RHB Jesse Scott
|
0-0: Called Strike 0-1: Called Strike 0-2: Ball 1-2: Ball 2-2: Ground out 5-3 (Groundball, 56S, EV 82.5 MPH)
|
|
Batting: SHB Aaron Tatar
|
0-0: Ground out 4-3 (Groundball, 34, EV 102.5 MPH)
|
|
Batting: RHB Aaron Trotman
|
0-0: Ball 1-0: Ball 2-0: Foul Ball, location: 2F 2-1: Swinging Strike 2-2: Foul Ball, location: 2F 2-2: Ball 3-2: Foul Ball, location: 2F 3-2: Ground out 6-3 (Groundball, 56, EV 106.9 MPH)
|
| Top of the 5th over - 0 runs, 0 hits, 0 errors, 0 left on base; Rochester 0 - Charlotte 0 |
| BOTTOM OF THE 5TH |
|
Charlotte Knights batting - Pitching for Rochester Red Wings : RHP Antonio Alcaraz
|
|
Batting: LHB Jake Goddard
|
0-0: Called Strike 0-1: Foul Ball, location: 2F 0-2: Strikes out swinging
|
|
Batting: RHB Jake Savell
|
0-0: Foul Ball, location: 2F 0-1: Ball 1-1: Ball 2-1: Foul Ball, location: 2F 2-2: Ball 3-2: Foul Ball, location: 2F 3-2: Foul Ball, location: 2F 3-2: Foul Ball, location: 2F 3-2: Base on Balls
|
|
Batting: RHB Harvey Harvey
|
0-0: Ball 1-0: Swinging Strike 1-1: Foul Ball, location: 2F 1-2: Foul Ball, location: 2F 1-2: Ball 2-2: Foul Ball, location: 2F 2-2: Foul Ball, location: 2F 2-2: Grounds into double play, 6-4-3 (Groundball, 6M, EV 106.2 MPH)
|
| Bottom of the 5th over - 0 runs, 0 hits, 0 errors, 0 left on base; Rochester 0 - Charlotte 0 |
| TOP OF THE 6TH |
|
Rochester Red Wings batting - Pitching for Charlotte Knights : RHP Xenophon Valvis
|
|
Batting: RHB Eric Narrow
|
0-0: Called Strike 0-1: Ball 1-1: Reached on error, E6 (Groundball, 6, EV 101.9 MPH)
|
|
Batting: RHB Cesar Yega
|
0-0: Ball 1-0: Ball 2-0: Called Strike 2-1: Ball 3-1: Called Strike 3-2: Strikes out swinging
|
|
Batting: RHB Bobby Blanchard
|
0-0: Swinging Strike 0-1: Ball 1-1: Fly out, F7 (Flyball, 78D, EV 75.0 MPH) Runner from 1st tags up, SAFE at 2nd
|
|
Batting: RHB Michel Martineau
|
0-0: Fly out, F7 (Flyball, 7D, EV 91.9 MPH)
|
| Top of the 6th over - 0 runs, 0 hits, 1 error, 1 left on base; Rochester 0 - Charlotte 0 |
| BOTTOM OF THE 6TH |
|
Charlotte Knights batting - Pitching for Rochester Red Wings : RHP Antonio Alcaraz
|
|
Batting: LHB Hirakito Herring
|
0-0: Ball 1-0: Called Strike 1-1: Foul Ball, location: 2F 1-2: SINGLE (Groundball, 4D, EV 107.5 MPH)
|
|
Batting: RHB Jeff Brower
|
Pickoff Throw to First - Out! 1-3 0-0: Ball 1-0: Ball 2-0: Ball 3-0: Called Strike 3-1: Base on Balls
|
|
Batting: LHB Jorge Rosales
|
0-0: Ball 1-0: Called Strike 1-1: Swinging Strike 1-2: Strikes out looking
|
|
Batting: LHB Brian Dickeson
|
0-0: Ball 1-0: Called Strike 1-1: Ball 2-1: Ball 3-1: Called Strike 3-2: DOUBLE (Line Drive, 8LXD, EV 105.0 MPH) Jeff Brower to third Jeff Brower scores
|
|
Pitching: RHP Hiromasa Kumasaka
|
|
|
Batting: RHB Will Washburn
|
0-0: Called Strike 0-1: Foul Ball, location: 2F 0-2: Strikes out swinging, 2-3 out at first.
|
| Bottom of the 6th over - 1 run, 2 hits, 0 errors, 1 left on base; Rochester 0 - Charlotte 1 |
| TOP OF THE 7TH |
|
Rochester Red Wings batting - Pitching for Charlotte Knights : RHP Xenophon Valvis
|
|
Pinch Hitting: LHB Shu-yen Guo
|
0-0: Called Strike 0-1: Foul Ball, location: 2F 0-2: Strikes out swinging
|
|
Batting: RHB Hildo Pot
|
0-0: Foul Ball, location: 2F 0-1: Ball 1-1: Ball 2-1: Foul Ball, location: 2F 2-2: Foul Ball, location: 2F 2-2: Foul Ball, location: 2F 2-2: Ball 3-2: Foul Ball, location: 2F 3-2: SINGLE (Groundball, 6MS, EV 72.5 MPH) (infield hit)
|
|
Batting: RHB Jesse Scott
|
0-0: Ball Hildo Pot steals 2nd base 1-0: Ball 2-0: 2-RUN HOME RUN (Flyball, 7LD, EV 92.5 MPH), Distance : 340 ft
|
|
Batting: SHB Aaron Tatar
|
0-0: Ball 1-0: Ground out 4-3 (Groundball, 4, EV 85.0 MPH)
|
|
Batting: RHB Aaron Trotman
|
0-0: Called Strike 0-1: Swinging Strike 0-2: Strikes out swinging
|
| Top of the 7th over - 2 runs, 2 hits, 0 errors, 0 left on base; Rochester 2 - Charlotte 1 |
| BOTTOM OF THE 7TH |
|
Charlotte Knights batting - Pitching for Rochester Red Wings : RHP Hiromasa Kumasaka
|
|
Now at 2B: Aaron Trotman
|
|
|
Now in LF: Shu-yen Guo
|
|
|
Batting: RHB Darwin Mills
|
0-0: Ball 1-0: Ball 2-0: Ball 3-0: Base on Balls
|
|
Batting: LHB Jake Goddard
|
0-0: Ball 1-0: Foul Ball, location: 2F 1-1: Ball 2-1: Ball 3-1: Base on Balls Darwin Mills to second
|
|
Batting: RHB Jake Savell
|
0-0: Called Strike 0-1: Ball 1-1: SINGLE (Groundball, 25, EV 56.2 MPH) (infield hit) Darwin Mills to third Jake Goddard to second
|
|
Batting: RHB Harvey Harvey
|
0-0: Grounds into fielders choice 6-2 (Groundball, 6, EV 81.2 MPH) Jake Goddard to third Jake Savell to second
|
|
Batting: LHB Hirakito Herring
|
0-0: Ball 1-0: Ball 2-0: Ball 3-0: Base on Balls Jake Goddard scores Jake Savell to third Harvey Harvey to second
|
|
Batting: RHB Jeff Brower
|
0-0: Called Strike 0-1: Swinging Strike 0-2: Foul Ball, location: 2F 0-2: Ball 1-2: Foul Ball, location: 2F 1-2: Ball 2-2: Ball 3-2: Base on Balls Jake Savell scores Harvey Harvey to third Hirakito Herring to second
|
|
Batting: LHB Jorge Rosales
|
0-0: Called Strike 0-1: Called Strike 0-2: Fly out, F8 (Flyball, 8LM, EV 89.4 MPH)
|
|
Batting: LHB Brian Dickeson
|
0-0: Called Strike 0-1: Swinging Strike 0-2: Ball 1-2: Fielders Choice at 2nd, 5-4 (Groundball, 56, EV 101.9 MPH)
|
| Bottom of the 7th over - 2 runs, 1 hit, 0 errors, 3 left on base; Rochester 2 - Charlotte 3 |
| TOP OF THE 8TH |
|
Rochester Red Wings batting - Pitching for Charlotte Knights : RHP Xenophon Valvis
|
|
Pinch Hitting: SHB David Myles
|
0-0: Ball 1-0: Ball 2-0: Ball 3-0: Called Strike 3-1: Called Strike 3-2: SINGLE (Groundball, 4D, EV 95.0 MPH)
|
|
Batting: RHB Cesar Yega
|
0-0: Ball 1-0: Bunted foul 1-1: Sac Bunt to 13S - play at first, batter OUT! 1-4 David Myles to second
|
|
Pinch Hitting: RHB Sifaks Warui
|
0-0: Ball 1-0: Swinging Strike 1-1: Called Strike 1-2: Ball 2-2: Ground out 5-3 (Groundball, 56, EV 81.2 MPH)
|
|
Pitching: RHP Chris Rodgers
|
|
|
Batting: RHB Michel Martineau
|
0-0: Called Strike 0-1: Ball 1-1: Ball 2-1: Called Strike 2-2: Ball 3-2: Foul Ball, location: 2F 3-2: Base on Balls
|
|
Batting: LHB Shu-yen Guo
|
0-0: Foul Ball, location: 2F 0-1: Fly out, F8 (Flyball, 8RD, EV 104.4 MPH)
|
| Top of the 8th over - 0 runs, 1 hit, 0 errors, 2 left on base; Rochester 2 - Charlotte 3 |
| BOTTOM OF THE 8TH |
|
Charlotte Knights batting - Pitching for Rochester Red Wings : RHP Hiromasa Kumasaka
|
|
Pitching: RHP Isidro Aguirre
|
|
|
Now at C: Sifaks Warui
|
|
|
Now in CF: Cesar Yega
|
|
|
Now in RF: David Myles
|
|
|
Batting: RHB Will Washburn
|
0-0: Foul Ball, location: 2F 0-1: Foul Ball, location: 2F 0-2: Strikes out swinging
|
|
Batting: RHB Darwin Mills
|
0-0: Ball 1-0: Ball 2-0: SINGLE (Groundball, 6MD, EV 108.8 MPH)
|
|
Batting: LHB Jake Goddard
|
0-0: Foul Ball, location: 2F 0-1: Foul Ball, location: 2F 0-2: Ball Passed Ball! Darwin Mills to second 1-2: Ball 2-2: SINGLE (Groundball, 3D, EV 98.8 MPH) Darwin Mills to third Runner from 3rd tries for Home, SAFE, throw by RF to home
|
|
Batting: RHB Jake Savell
|
0-0: Ball 1-0: Swinging Strike 1-1: Fielders Choice at 2nd, 4-6 (Groundball, 34, EV 83.8 MPH)
|
|
Batting: RHB Harvey Harvey
|
0-0: Ball 1-0: Ball 2-0: Ball 3-0: Base on Balls Jake Savell to second
|
|
Batting: LHB Hirakito Herring
|
0-0: Foul Ball, location: 2F 0-1: Ball 1-1: Called Strike 1-2: Ball 2-2: Ball 3-2: Foul Ball, location: 2F 3-2: Base on Balls Jake Savell to third Harvey Harvey to second
|
|
Batting: RHB Jeff Brower
|
0-0: Foul Ball, location: 2F 0-1: Ball Passed Ball! Jake Savell scores Harvey Harvey to third Hirakito Herring to second 1-1: Foul Ball, location: 2F 1-2: Ball 2-2: Foul Ball, location: 2F 2-2: Foul Ball, location: 2F 2-2: Ground out 5-3 (Groundball, 5L, EV 88.8 MPH)
|
| Bottom of the 8th over - 2 runs, 2 hits, 0 errors, 2 left on base; Rochester 2 - Charlotte 5 |
| TOP OF THE 9TH |
|
Rochester Red Wings batting - Pitching for Charlotte Knights : RHP Chris Rodgers
|
|
Pitching: LHP Bobby Martin
|
|
|
Now in LF: Casey Quinones
|
|
|
Batting: RHB Hildo Pot
|
0-0: Called Strike 0-1: Ball 1-1: Foul Ball, location: 2F 1-2: Ball 2-2: Ball 3-2: Foul Ball, location: 2F 3-2: Strikes out swinging
|
|
Batting: RHB Jesse Scott
|
0-0: Called Strike 0-1: Ball 1-1: Foul Ball, location: 2F 1-2: Ball 2-2: Foul Ball, location: 2F 2-2: Ball 3-2: Foul Ball, location: 2F 3-2: Base on Balls
|
|
Pitching: RHP Jorge Mora
|
|
|
Batting: SHB Aaron Tatar
|
0-0: Called Strike 0-1: Foul Ball, location: 2F 0-2: Foul Ball, location: 2F 0-2: Ball 1-2: Foul Ball, location: 2F 1-2: Strikes out swinging
|
|
Batting: RHB Aaron Trotman
|
0-0: Called Strike 0-1: Swinging Strike 0-2: Ball 1-2: Strikes out swinging
|
| Top of the 9th over - 0 runs, 0 hits, 0 errors, 1 left on base; Rochester 2 - Charlotte 5 |
|